 Dungeon Crawl Stone Soup version 0.19-a0-1155-gb6eeeff (webtiles) character file.

1335 Duffy the Carver (level 8, -2/51 HPs)
             Began as a Tengu Gladiator on Aug 13, 2016.
             Was an Initiate of Cheibriados.
             Slain by a yak (10 damage)
             ... on level 6 of the Dungeon.
             The game lasted 00:06:08 (6218 turns).

Duffy the Carver (Tengu Gladiator)                  Turns: 6218, Time: 00:06:09

Health: -2/51      AC: 11    Str: 17    XL:     8   Next: 61%
Magic:  7/9        EV: 13    Int: 10    God:    Cheibriados [......]
Gold:   297        SH:  0    Dex: 22    Spells: 0 memorised, 7 levels left

rFire  . . .     SeeInvis .     a - +0 long sword
rCold  . . .     Gourm    .     z - +0 plate armour
rNeg   . . .     Faith    .     (no shield)
rPois  .         Spirit   .     c - +1 hat
rElec  .         Dismiss  .     (no cloak)
rCorr  .         Reflect  .     (no gloves)
MR     .....     Harm     .     (boots unavailable)
Stlth  ..........               (no amulet)
                                (no ring)
                                (no ring)

@: agile, about to teleport, flying quickly and evasively, slow
A: beak, talons 3, able to fly 1
a: Bend Time, Renounce Religion


You were on level 6 of the Dungeon.
You worshipped Cheibriados.
Cheibriados was noncommittal.
You were very hungry.

You visited 2 branches of the dungeon, and saw 7 of its levels.

You collected 297 gold pieces.


Innate Abilities, Weirdness & Mutations

You have a beak for a mouth.
You have claws for feet.
You can fly.


   Skills:
 + Level 5.7 Fighting
 + Level 10.0 Long Blades
 - Level 2.0 Throwing
 - Level 3.2 Dodging


You had 7 spell levels left.
You didn't know any spells.

Inventory:

Hand Weapons
 a - a +0 long sword (weapon)
Missiles
 b - 7 javelins
 d - 2 throwing nets (quivered)
Armour
 c - a +1 hat (worn)
 z - a +0 plate armour (worn)
Wands
 w - a wand of slowing (20/48)
 y - a wand of slowing (11/48)
Scrolls
 g - a scroll of identify
 j - a scroll of noise {unknown}
 k - a scroll of fog {unknown}
 l - 2 scrolls of enchant weapon
 o - 5 scrolls of teleportation
 p - 3 scrolls of enchant armour
 q - 5 scrolls of remove curse
 u - 4 scrolls of magic mapping {unknown}
 v - a scroll of blinking
 A - a scroll of recharging {unknown}
Potions
 e - 4 potions of curing
 m - 3 potions of flight
 r - a potion of cancellation
 x - a potion of magic
Books
 i - a book of Frost
 t - a Necronomicon
Comestibles
 f - 4 bread rations
 h - 4 meat rations
 n - a fruit

Dungeon Overview and Level Annotations

Branches:
Dungeon (6/15)             Temple (1/1) D:5

Altars:
Ashenzari
Cheibriados
Elyvilon
Gozag
Hepliaklqana
Makhleb
Nemelex Xobeh
Pakellas
Qazlal
Ru
Trog
Uskayaw
Vehumet
Yredelemnul
Zin
The Shining One


Message History

You are too injured to fight recklessly!
You are too injured to fight recklessly!
You are too injured to fight recklessly!
You are too injured to fight recklessly!
You are too injured to fight recklessly!
You are too injured to fight recklessly!
You are too injured to fight recklessly!
You are too injured to fight recklessly!
You are too injured to fight recklessly!
You are too injured to fight recklessly!
You are too injured to fight recklessly!
You are too injured to fight recklessly!
You are too injured to fight recklessly!
You are too injured to fight recklessly!
You are too injured to fight recklessly!
You are too injured to fight recklessly!
Use which ability? (? or * to list)
You swoop lightly up into the air.
You feel very comfortable in the air.
You are feeling very hungry.
The yak gores you!
You slash the yak! Your kick misses the yak.
The yak is almost dead.
It was a potion of agility.
You feel agile all of a sudden. The yak closely misses you.
You riposte.
You hit the yak. You claw the yak. You peck the yak.
You kill the yak!
Cheibriados thoroughly appreciates the change of pace.
Your Long Blades skill increases to level 10!
You hit the yak. You claw the yak, but do no damage.
The yak is lightly wounded.
The yak barely misses you.
You hit the yak. Your kick misses the yak.
The yak is moderately wounded.
The yak closely misses you.
You hit the yak. You claw the yak, but do no damage.
The yak is moderately wounded.
The yak gores you but does no damage.
You hit the yak. You claw the yak. You peck the yak, but do no damage.
The yak is moderately wounded.
The yak misses you.
You riposte.
You barely miss the yak. You claw the yak.
The yak is heavily wounded.
Okay, then.
You hit the yak. Your kick misses the yak. You peck the yak, but do no damage.
The yak is heavily wounded.
The yak gores you!
You feel better. The yak closely misses you.
As you read the scroll of teleportation, it crumbles to dust.
You feel strangely unstable. The yak gores you!
You die...

.##.#..###)####.#
.##.#..#....)...#
.##.#..#.#.######
.##.#..#.#.# .##.#..#.#.#
.##.#..#.#.# .##.#....#.#
.##.#.####.###############
.##.#.##........@YY.......
.##.#.##.#.###############
.##.#.##.#........#
.##.#.##.########(##
.##.#.##.#.........####
.##...................#
.####.##.#.#<########.#
.####.##(#.#......# #.#
.......#.#.######.# #.#


You could see 2 yaks.

Action                   |  1- 3 |  4- 6 |  7- 9 || total
-------------------------+-------+-------+-------++-------
Melee: Long sword        |   114 |   105 |   150 ||   369
       Kick              |    28 |    38 |    43 ||   109
       Peck              |    12 |    21 |    27 ||    60
Throw: Throwing net      |       |     1 |       ||     1
 Abil: Fly               |       |     3 |     5 ||     8
  Use: Scroll            |     7 |     2 |     5 ||    14
       Potion            |       |       |     3 ||     3
 Stab: Sleeping          |     1 |       |       ||     1
       Held in net/web   |       |     1 |       ||     1
  Eat: Chunk             |     2 |     5 |     7 ||    14
       Royal jelly       |       |     1 |       ||     1
       Pizza             |       |       |     1 ||     1
Armor: Leather armour    |    24 |       |       ||    24
       Chain mail        |     4 |    45 |    32 ||    81
       Plate armour      |       |       |    22 ||    22
       Skin              |       |       |    17 ||    17
Dodge: Dodged            |    65 |    27 |    35 ||   127

Notes
Turn   | Place    | Note
-------+----------+-------------------------------------------
     0 | D:1      | Duffy the Tengu Gladiator began the quest for the Orb.
     0 | D:1      | Reached XP level 1. HP: 12/12 MP: 2/2
    43 | D:2      | Reached XP level 2. HP: 17/17 MP: 3/3
    46 | D:2      | Reached skill level 4 in Long Blades
   522 | D:1      | Reached XP level 3. HP: 21/21 MP: 4/4
  1064 | D:2      | Reached skill level 5 in Long Blades
  1598 | D:2      | Reached XP level 4. HP: 21/26 MP: 5/5
  1662 | D:2      | Found a sacrificial altar of Ru.
  1716 | D:2      | Found a glowing golden altar of the Shining One.
  1979 | D:3      | Found a faded altar of an unknown god.
  2103 | D:3      | Found a shattered altar of Ashenzari.
  2139 | D:3      | Found an opulent altar of Gozag.
  2294 | D:3      | Found a hazy altar of Hepliaklqana.
  2462 | D:3      | Noticed a phantom
  2487 | D:3      | Killed a phantom
  2487 | D:3      | Reached skill level 6 in Long Blades
  2487 | D:3      | Gained mutation: You can fly. [Tengu growth]
  2487 | D:3      | Reached XP level 5. HP: 14/30 MP: 6/6
  2621 | D:4      | Noticed Dowan
  2623 | D:4      | Noticed Duvessa
  2897 | D:3      | Killed Duvessa
  2897 | D:3      | Reached skill level 7 in Long Blades
  2897 | D:3      | Reached XP level 6. HP: 31/35 MP: 3/7
  2956 | D:3      | Killed Dowan
  3239 | D:4      | Reached skill level 8 in Long Blades
  3489 | D:4      | Noticed Sigmund
  3519 | D:4      | Killed Sigmund
  3519 | D:4      | Reached skill level 3 in Fighting
  3519 | D:4      | Reached XP level 7. HP: 27/41 MP: 8/8
  3973 | D:4      | Found an oddly glowing altar of Pakellas.
  4768 | D:5      | Entered Level 5 of the Dungeon
  4891 | D:5      | Found a staircase to the Ecumenical Temple.
  4908 | Temple   | Entered the Ecumenical Temple
  5083 | Temple   | Became a worshipper of Cheibriados the Contemplative
  5204 | D:5      | Reached skill level 4 in Fighting
  5204 | D:5      | Reached skill level 9 in Long Blades
  5300 | D:5      | Found a bloodstained altar of Trog.
  5313 | D:5      | Found a burning altar of Makhleb.
  5471 | D:5      | Reached XP level 8. HP: 27/48 MP: 5/9
  6172 | D:6      | Noticed a yak
  6173 | D:6      | Noticed a yak
  6174 | D:6      | Noticed a yak
  6178 | D:6      | Noticed a yak
  6204 | D:6      | Killed a yak
  6204 | D:6      | Reached skill level 5 in Fighting
  6210 | D:6      | Killed a yak
  6210 | D:6      | Reached skill level 10 in Long Blades
  6218 | D:6      | Slain by a yak

Skill      XL: |  1  2  3  4  5  6  7  8 |
---------------+-------------------------+-----
Long Blades    | 4 5 6 7 8 9 10 | 10.0
Fighting       | 3 4 5 |  5.7
Throwing       | |  2.0
Dodging        | |  3.2

Vault maps used:
D:1:      dpeg_arrival_pits
D:2:      nicolae_tso_swordbearing_angel, nicolae_ru_the_path_less_chosen
D:3:      lemuel_round_altar, marbit_many_paths, grunt_gozag_breadcrumbs,
          ecumenical_altar_1, first_bread
D:4:      kennysheep_mini_moat, serial_co_window_serial, co_window_corner_a,
          co_window_paths_a, co_window_of_opportunity_a, co_window_corner_a,
          co_window_of_opportunity_a, co_window_of_opportunity_a,
          co_window_corner_a, co_window_unsneaky_path_e,
          co_window_unsneaky_path_b, co_window_2corner, co_window_corner_b,
          co_window_4corner_b, co_window_paths_e, glass_columns_c,
          glass_columns_c, glass_columns_c, glass_columns_c, glass_columns_c,
          uniq_duvessa, uniq_sigmund
D:5:      grunt_temple_overflow_open
D:6:      lemuel_doored_altar
Temple:   nicolae_temple_figure_zero

Vanquished Creatures
  Sigmund
  2 yaks Duvessa
  A phantom
  2 centaurs
  An ogre Dowan
  A howler monkey
  A crimson imp
  2 hounds
  A jelly
  A giant frog skeleton
  A worker ant
  A hound skeleton
  3 gnolls
  A howler monkey skeleton
  2 adders
  A shadow imp
  An ooze
  2 adder skeletons
  4 worms
  A dart slug
  A giant gecko
  3 orcs
  8 bats
  5 giant cockroaches
  3 goblins
  12 hobgoblins
  7 jackals
  4 quokkas
  4 giant newts
  A jackal skeleton
  7 kobolds
  7 rats
94 creatures vanquished.
